TOP OF THE 1ST |
Eau Claire Esquires batting - Pitching for Surrey Sinners : RHP Diego González
|
Pitching: RHP Diego González
|
|
Batting: RHB Tony Quinn
|
0-0: Ball 1-0: Ball 2-0: DOUBLE (Line Drive, 7LS)
|
Batting: RHB Norm Francis
|
0-0: Called Strike 0-1: Called Strike 0-2: Foul Ball, location: 2F 0-2: Ball 1-2: Foul Ball, location: 2F 1-2: Ball 2-2: Foul Ball, location: 2F 2-2: Fly out, F7 (Flyball, 78M)
|
Batting: RHB Seiji Kouno
|
0-0: Ball 1-0: Swinging Strike 1-1: SINGLE (Line Drive, 8RS) Tony Quinn to third Runner from 3rd tries for Home, throw and OUT!
|
Batting: RHB Roberto García
|
0-0: Called Strike 0-1: Ball 1-1: Swinging Strike 1-2: SINGLE (Line Drive, 89M) Seiji Kouno to second
|
Batting: SHB António De La Cruz
|
0-0: Foul Ball, location: 2F 0-1: Called Strike 0-2: Ball 1-2: Strikes out swinging
|
Top of the 1st over - 0 run(s), 3 hit(s), 0 error(s), 2 left on base; Eau Claire 0 - Surrey 0 |
BOTTOM OF THE 1ST |
Surrey Sinners batting - Pitching for Eau Claire Esquires : RHP Brian Hull
|
Pitching: RHP Brian Hull
|
|
Batting: RHB Max Alexander
|
0-0: Ball 1-0: Called Strike 1-1: Called Strike 1-2: Ground out 1-3 (Groundball, 2L)
|
Batting: LHB Brian Ford
|
0-0: Foul Ball, location: 2F 0-1: Ball 1-1: Ball 2-1: Fly out, F6 (Popup, 6D)
|
Batting: RHB Víctor Arredondo
|
0-0: Ball 1-0: Fly out, F9 (Flyball, 9M)
|
Bottom of the 1st over - 0 run(s), 0 hit(s), 0 error(s), 0 left on base; Eau Claire 0 - Surrey 0 |
TOP OF THE 2ND |
Eau Claire Esquires batting - Pitching for Surrey Sinners : RHP Diego González
|
Batting: RHB Eric Fuller
|
0-0: Ball 1-0: Called Strike 1-1: Ball 2-1: Fly out, F8 (Flyball, 8RM)
|
Batting: LHB Jorge Fernández
|
0-0: Ball 1-0: Called Strike 1-1: Swinging Strike 1-2: Ball 2-2: Ball 3-2: Foul Ball, location: 2F 3-2: DOUBLE (Line Drive, 78XD)
|
Batting: LHB Manny Salazar
|
0-0: Ball 1-0: Ground out 6-3 (Groundball, 6)
|
Batting: SHB Tim Johnson
|
0-0: Ball 1-0: Ball 2-0: Ball 3-0: Called Strike 3-1: Ground out 2-3 (Groundball, 25)
|
Top of the 2nd over - 0 run(s), 1 hit(s), 0 error(s), 1 left on base; Eau Claire 0 - Surrey 0 |
BOTTOM OF THE 2ND |
Surrey Sinners batting - Pitching for Eau Claire Esquires : RHP Brian Hull
|
Batting: RHB Brett Murphy
|
0-0: Ball 1-0: Ball 2-0: Called Strike 2-1: Swinging Strike 2-2: Ball 3-2: Base on Balls
|
Batting: LHB Buddy Rice
|
0-0: Ball 1-0: Ball 2-0: Ball 3-0: Called Strike 3-1: Fly out, F8 (Line Drive, 78D)
|
Batting: LHB Javier Espinoza
|
0-0: Ball 1-0: Grounds into double play, 6-4-3 (Groundball, 6)
|
Bottom of the 2nd over - 0 run(s), 0 hit(s), 0 error(s), 0 left on base; Eau Claire 0 - Surrey 0 |
TOP OF THE 3RD |
Eau Claire Esquires batting - Pitching for Surrey Sinners : RHP Diego González
|
Batting: RHB Tony Quinn
|
0-0: Ball 1-0: Ground out 6-3 (Groundball, 6)
|
Batting: RHB Norm Francis
|
0-0: Fly out, F2 (Popup, 2LF)
|
Batting: RHB Seiji Kouno
|
0-0: Called Strike 0-1: Fly out, F9 (Flyball, 9M)
|
Top of the 3rd over - 0 run(s), 0 hit(s), 0 error(s), 0 left on base; Eau Claire 0 - Surrey 0 |
BOTTOM OF THE 3RD |
Surrey Sinners batting - Pitching for Eau Claire Esquires : RHP Brian Hull
|
Batting: RHB Lorne Witcher
|
0-0: Ball 1-0: Foul Ball, location: 2F 1-1: Foul Ball, location: 2F 1-2: Fly out, F9 (Line Drive, 89M)
|
Batting: RHB Augusto Trevino
|
0-0: Called Strike 0-1: Ball 1-1: Swinging Strike 1-2: Fly out, F4 (Popup, 34)
|
Batting: RHB Omar Tobías
|
0-0: Ball 1-0: Ball 2-0: Called Strike 2-1: Swinging Strike 2-2: SINGLE (Line Drive, 56)
|
Batting: RHB Max Alexander
|
0-0: Ball Omar Tobías steals 2nd base 1-0: Called Strike 1-1: Foul Ball, location: 2F 1-2: Ball 2-2: Strikes out swinging
|
Bottom of the 3rd over - 0 run(s), 1 hit(s), 0 error(s), 1 left on base; Eau Claire 0 - Surrey 0 |
TOP OF THE 4TH |
Eau Claire Esquires batting - Pitching for Surrey Sinners : RHP Diego González
|
Batting: RHB Roberto García
|
0-0: Ball 1-0: Ball 2-0: Ball 3-0: Called Strike 3-1: Base on Balls
|
Batting: SHB António De La Cruz
|
0-0: Called Strike 0-1: Swinging Strike 0-2: Ball 1-2: Strikes out swinging
|
Batting: RHB Eric Fuller
|
0-0: Called Strike 0-1: Fielders Choice at 2nd, 5-4 (Groundball, 56)
|
Batting: LHB Jorge Fernández
|
0-0: Called Strike 0-1: Ball 1-1: Ball 2-1: Ball 3-1: Foul Ball, location: 2F 3-2: Strikes out swinging
|
Top of the 4th over - 0 run(s), 0 hit(s), 0 error(s), 1 left on base; Eau Claire 0 - Surrey 0 |
BOTTOM OF THE 4TH |
Surrey Sinners batting - Pitching for Eau Claire Esquires : RHP Brian Hull
|
Batting: LHB Brian Ford
|
0-0: Called Strike 0-1: Ball 1-1: Swinging Strike 1-2: Foul Ball, location: 2F 1-2: Foul Ball, location: 2F 1-2: Fly out, F8 (Flyball, 8LM)
|
Batting: RHB Víctor Arredondo
|
0-0: Ball 1-0: Ball 2-0: Ball 3-0: Called Strike 3-1: Base on Balls
|
Batting: RHB Brett Murphy
|
0-0: Ball Víctor Arredondo steals 2nd base 1-0: Called Strike 1-1: Ball 2-1: Ball 3-1: Called Strike 3-2: Strikes out looking
|
Batting: LHB Buddy Rice
|
0-0: Ball 1-0: Fly out, F7 (Flyball, 7M)
|
Bottom of the 4th over - 0 run(s), 0 hit(s), 0 error(s), 1 left on base; Eau Claire 0 - Surrey 0 |
TOP OF THE 5TH |
Eau Claire Esquires batting - Pitching for Surrey Sinners : RHP Diego González
|
Batting: LHB Manny Salazar
|
0-0: Called Strike 0-1: Foul Ball, location: 2F 0-2: Ball 1-2: Ground out 6-3 (Groundball, 6)
|
Batting: SHB Tim Johnson
|
0-0: SINGLE (Groundball, 34)
|
Batting: RHB Tony Quinn
|
0-0: Ball Tim Johnson steals 2nd base 1-0: Called Strike 1-1: Called Strike 1-2: Ball 2-2: Strikes out swinging
|
Batting: RHB Norm Francis
|
0-0: Called Strike 0-1: Foul Ball, location: 2F 0-2: Ball 1-2: Strikes out swinging
|
Top of the 5th over - 0 run(s), 1 hit(s), 0 error(s), 1 left on base; Eau Claire 0 - Surrey 0 |
BOTTOM OF THE 5TH |
Surrey Sinners batting - Pitching for Eau Claire Esquires : RHP Brian Hull
|
Batting: LHB Javier Espinoza
|
0-0: Fly out, F8 (Flyball, 8LS)
|
Batting: RHB Lorne Witcher
|
0-0: Called Strike 0-1: Foul Ball, location: 2F 0-2: Strikes out swinging
|
Batting: RHB Augusto Trevino
|
0-0: Ball 1-0: Foul Ball, location: 2F 1-1: Called Strike 1-2: Strikes out swinging
|
Bottom of the 5th over - 0 run(s), 0 hit(s), 0 error(s), 0 left on base; Eau Claire 0 - Surrey 0 |
TOP OF THE 6TH |
Eau Claire Esquires batting - Pitching for Surrey Sinners : RHP Diego González
|
Batting: RHB Seiji Kouno
|
0-0: Foul Ball, location: 2F 0-1: Called Strike 0-2: Foul Ball, location: 2F 0-2: Ball 1-2: Ball 2-2: Foul Ball, location: 2F 2-2: Ball 3-2: Base on Balls
|
Batting: RHB Roberto García
|
0-0: Called Strike 0-1: Ball 1-1: Called Strike 1-2: Ball 2-2: Strikes out swinging
|
Pitching: RHP Tomás Silva
|
|
Batting: SHB António De La Cruz
|
0-0: Ball 1-0: Foul Ball, location: 2F 1-1: Swinging Strike 1-2: Foul Ball, location: 2F 1-2: Foul Ball, location: 2F 1-2: Foul Ball, location: 2F 1-2: Strikes out swinging
|
Batting: RHB Eric Fuller
|
0-0: Swinging Strike 0-1: Foul Ball, location: 2F 0-2: Ball 1-2: Ball 2-2: Strikes out looking
|
Top of the 6th over - 0 run(s), 0 hit(s), 0 error(s), 1 left on base; Eau Claire 0 - Surrey 0 |
BOTTOM OF THE 6TH |
Surrey Sinners batting - Pitching for Eau Claire Esquires : RHP Brian Hull
|
Batting: RHB Omar Tobías
|
0-0: Ball 1-0: Called Strike 1-1: SINGLE (Groundball, 56D)
|
Batting: RHB Max Alexander
|
0-0: Fly out, F9 (Flyball, 89M)
|
Batting: LHB Brian Ford
|
0-0: Ball 1-0: Called Strike Omar Tobías steals 2nd base 1-1: Fly out, F7 (Flyball, 7M)
|
Batting: RHB Víctor Arredondo
|
0-0: Ball 1-0: Called Strike 1-1: Swinging Strike 1-2: Foul Ball, location: 2F 1-2: Ball 2-2: Strikes out swinging
|
Bottom of the 6th over - 0 run(s), 1 hit(s), 0 error(s), 1 left on base; Eau Claire 0 - Surrey 0 |
TOP OF THE 7TH |
Eau Claire Esquires batting - Pitching for Surrey Sinners : RHP Tomás Silva
|
Pitching: LHP Pedro Najcrea
|
|
Pinch Hitting: LHB Edwin Ryan
|
0-0: Called Strike 0-1: Ball 1-1: Called Strike 1-2: Foul Ball, location: 2F 1-2: Ball 2-2: Ball 3-2: Base on Balls
|
Pitching: LHP Dennis Morales
|
|
Batting: LHB Manny Salazar
|
0-0: Called Strike Edwin Ryan steals 2nd base 0-1: Swinging Strike 0-2: Strikes out swinging
|
Pinch Hitting: RHB Juan Robles
|
0-0: Called Strike 0-1: Ball 1-1: Foul Ball, location: 2F 1-2: Strikes out looking
|
Batting: RHB Tony Quinn
|
0-0: SINGLE (Line Drive, 8LS) Edwin Ryan to third Runner from 3rd tries for Home, SAFE, no throw or cutoff
|
Batting: RHB Norm Francis
|
0-0: Called Strike Throwing error on steal attempt, E2 Tony Quinn to third 0-1: Ground out 2-3 (Groundball, 25)
|
Top of the 7th over - 1 run(s), 1 hit(s), 1 error(s), 1 left on base; Eau Claire 1 - Surrey 0 |
BOTTOM OF THE 7TH |
Surrey Sinners batting - Pitching for Eau Claire Esquires : RHP Brian Hull
|
Now at SS: José Ruíz
|
|
Now in RF: Edwin Ryan
|
|
Batting: RHB Brett Murphy
|
0-0: Ball 1-0: SOLO HOME RUN (Flyball, 78XD), Distance : 411 ft
|
Pitching: LHP Charlie Conner
|
|
Pinch Hitting: RHB Ben Alexander
|
0-0: Ball 1-0: Swinging Strike 1-1: Ground out 4-3 (Groundball, 34)
|
Pitching: RHP Ray McIntyre
|
|
Batting: LHB Javier Espinoza
|
0-0: Ball 1-0: Ball 2-0: Foul Ball, location: 2F 2-1: Ball 3-1: Fly out, F7 (Flyball, 78M)
|
Batting: RHB Lorne Witcher
|
0-0: Called Strike 0-1: Ball 1-1: Ground out 5-3 (Groundball, 56S)
|
Bottom of the 7th over - 1 run(s), 1 hit(s), 0 error(s), 0 left on base; Eau Claire 1 - Surrey 1 |
TOP OF THE 8TH |
Eau Claire Esquires batting - Pitching for Surrey Sinners : LHP Dennis Morales
|
Now in LF: Daniel Santiago
|
|
Batting: RHB Seiji Kouno
|
0-0: Swinging Strike 0-1: Ball 1-1: Called Strike 1-2: Ball 2-2: Strikes out swinging
|
Batting: RHB Roberto García
|
0-0: Ball 1-0: Ball 2-0: Ball 3-0: Called Strike 3-1: Base on Balls
|
Pinch Runner at 1st John Frost:
|
|
Batting: SHB António De La Cruz
|
0-0: Ball John Frost is caught stealing 2nd base 1-0: Called Strike 1-1: Foul Ball, location: 2F 1-2: Ball 2-2: Ball 3-2: Ground out 6-3 (Groundball, 6MS)
|
Top of the 8th over - 0 run(s), 0 hit(s), 0 error(s), 0 left on base; Eau Claire 1 - Surrey 1 |
BOTTOM OF THE 8TH |
Surrey Sinners batting - Pitching for Eau Claire Esquires : RHP Ray McIntyre
|
Pinch Hitting: LHB Benny Richard
|
0-0: Ball 1-0: Foul Ball, location: 2F 1-1: Fly out, F8 (Flyball, 8LS)
|
Pinch Hitting: RHB Jesús Lara
|
0-0: Ball 1-0: Ball 2-0: Foul Ball, location: 2F 2-1: Ball 3-1: Swinging Strike 3-2: Base on Balls
|
Batting: RHB Max Alexander
|
0-0: Called Strike 0-1: Ball 1-1: Ball 2-1: Fly out, F7 (Flyball, 7D) Runner from 1st tags up, OUT at 2nd
|
Bottom of the 8th over - 0 run(s), 0 hit(s), 0 error(s), 0 left on base; Eau Claire 1 - Surrey 1 |
TOP OF THE 9TH |
Eau Claire Esquires batting - Pitching for Surrey Sinners : LHP Dennis Morales
|
Pitching: RHP Augusto Herrera
|
|
Now at SS: Eugene Booth
|
|
Now in CF: Mitchell Darragh
|
|
Batting: RHB Eric Fuller
|
0-0: Called Strike 0-1: Swinging Strike 0-2: Foul Ball, location: 2F 0-2: Strikes out swinging
|
Batting: LHB Edwin Ryan
|
0-0: Called Strike 0-1: Ball 1-1: Fly out, F8 (Line Drive, 8RM)
|
Batting: LHB Manny Salazar
|
0-0: Ball 1-0: Called Strike 1-1: Ball 2-1: Ball 3-1: Base on Balls
|
Pinch Hitting: RHB Tony Vázquez
|
0-0: Ball 1-0: Ball 2-0: Ball 3-0: Called Strike 3-1: Called Strike 3-2: Strikes out swinging
|
Top of the 9th over - 0 run(s), 0 hit(s), 0 error(s), 1 left on base; Eau Claire 1 - Surrey 1 |
BOTTOM OF THE 9TH |
Surrey Sinners batting - Pitching for Eau Claire Esquires : RHP Ray McIntyre
|
Pitching: LHP Rob Lucas
|
|
Now at SS: Herb Bunch
|
|
Batting: LHB Brian Ford
|
0-0: Called Strike 0-1: SINGLE (Line Drive, 78M)
|
Batting: RHB Víctor Arredondo
|
0-0: Swinging Strike 0-1: Foul Ball, location: 2F 0-2: Foul Ball, location: 2F 0-2: 2-RUN HOME RUN (Flyball, 89XD), Distance : 414 ft
|
|